 Dungeon Crawl Stone Soup version 0.29-a0-977-g7483850d73 (webtiles) character file.

Game seed: 9050143429309113493

123 Garessta the Magician (level 5, -2/38 HPs)
             Began as a Djinni Earth Elementalist on Aug 1, 2022.
             Slain by a gnoll
             ... wielding a +0 flail
              (12 damage)
             ... on level 3 of the Dungeon.
             The game lasted 00:03:37 (2421 turns).

Garessta the Magician (Djinni Earth Elementalist)   Turns: 2421, Time: 00:03:38

Health: -2/38      AC:  4    Str:  7    XL:     5   Next: 28%
Gold:   198        EV: 13    Int: 19    God:
                   SH:  0    Dex: 13

rFire   + + .      SeeInvis .   d - +0 flail
rCold   x . .      Faith    .   (no shield)
rNeg    . . .      Spirit   .   a - +0 robe
rPois   ∞          Reflect  .   (no helmet)
rElec   .          Harm     .   e - +1 cloak {rPois}
rCorr   .          Rampage  .   (no gloves)
Will    .....                   (boots unavailable)
Stlth   ++........              (no amulet)
HPRegen 0.12/turn               (no ring)
MPRegen 0.00/turn               (no ring)

@: flying
A: sickness immunity, fire resistance 2, cold vulnerability 1, float, innate
caster, HP casting, extra vitality 1
a: no special abilities


You were on level 3 of the Dungeon.
You visited 1 branch of the dungeon, and saw 3 of its levels.

You collected 198 gold pieces.

Inventory:

Hand Weapons
 b - a +0 mace
 d - a +0 flail (weapon)
Missiles
 p - 3 javelins
Armour
 a - a +0 robe (worn)
 e - a +1 cloak of poison resistance (worn)
Wands
 q - a wand of roots (7)
 s - a wand of charming (16)
Scrolls
 c - a scroll of immolation {unknown}
 j - a scroll of poison {unknown}
 k - a scroll of torment {unknown}
 l - 4 scrolls of identify {unknown}
 m - a scroll of magic mapping {unknown}
 t - a scroll of teleportation {unknown}
Potions
 f - 4 potions of curing {unknown}
 g - a potion of heal wounds {unknown}
 h - a potion of flight {unknown}
 i - a potion of berserk rage {unknown}
 n - a potion of might {unknown}
 o - a potion of attraction {unknown}
 r - a potion of invisibility {unknown}


   Skills:
 + Level 2.1 Fighting
 + Level 3.2 Dodging
 - Level 1.5 Stealth
 * Level 3.5 Spellcasting


You couldn't memorise any spells.
You knew the following spells:

 Your Spells              Type           Power      Damage    Failure   Level
a - Sandblast             Erth           32%        2d9       3%          1
b - Passwall              Tmut/Erth      13%        N/A       5%          2
c - Stone Arrow           Conj/Erth      32%        3d9       11%         3
d - Petrify               Tmut/Erth      16%        N/A       34%         4
e - Summon Small Mammal   Summ           64%        N/A       3%          1
f - Call Imp              Summ           16%        N/A       5%          2
Your spell library was empty.

Dungeon Overview and Level Annotations

Branches:
Dungeon (3/15)

Altars:
Ashenzari
Qazlal
The Shining One


Innate Abilities, Weirdness & Mutations

You are immune to sickness and miasma.
You are immune to poison.
Your flesh is very heat resistant. (rF++)
You are vulnerable to cold. (rC-)
You float through the air rather than walking.
You learn spells naturally, not from books.
Your magical power is your life essence.
You have superior vitality. (+4 MHP)


Message History

The stone arrow hits the gnoll.
The gnoll is severely wounded.
Unknown command.
Aiming: Stone Arrow (quite dangerous; 11% risk of failure)
Press: ? - help, Shift-Dir - straight line, f/p - gnoll
Aim: a gnoll, wielding a +0 whip (severely wounded, 72% to hit)
The stone arrow hits the gnoll!!
You kill the gnoll!
You have reached level 5!
The power to cast Call Imp wells up from within.
Spell assigned to 'f'.
Aiming: Stone Arrow (dangerous; 11% risk of failure)
Press: ? - help, Shift-Dir - straight line, f/p - gnoll
Aim: a gnoll, wielding a +0 whip (severely wounded, 72% to hit)
The stone arrow hits the gnoll!
You kill the gnoll!
Your Fighting skill increases to level 2!
Unknown command.
Aiming: Stone Arrow (dangerous; 11% risk of failure)
Press: ? - help, Shift-Dir - straight line, f - gnoll
Aim: a gnoll, wielding a +0 halberd (72% to hit)
The stone arrow misses the gnoll.
The gnoll hits you from afar with a +0 halberd.
Unknown command.
Aiming: Stone Arrow (dangerous; 11% risk of failure)
Press: ? - help, Shift-Dir - straight line, f/p - gnoll
Aim: a gnoll, wielding a +0 halberd (72% to hit)
The stone arrow hits the gnoll!
You kill the gnoll!
Aiming: Stone Arrow (dangerous; 11% risk of failure)
Press: ? - help, Shift-Dir - straight line, f - gnoll
Aim: a gnoll, wielding a +0 flail (72% to hit)
The stone arrow misses the gnoll.
Aiming: Stone Arrow (dangerous; 11% risk of failure)
Press: ? - help, Shift-Dir - straight line, f/p - gnoll
Aim: a gnoll, wielding a +0 flail (72% to hit)
The stone arrow misses the gnoll.
* * * LOW HITPOINT WARNING * * *
The gnoll hits you with a +0 flail!
You die...

##......... #............ # .##
##............ .#. ...
#####............# ..^.# ###
......#..........###.#..#########
.....###.......#.....#..#.......#
####........####.....>..........#
########...)g.....# ......... .##
#@...######'...... #
#....#≈....#......
#....#≈....#......
###..#≈....#......
######.#≈≈≈≈≈######.
....##.'####### #. #......##.#.##
## #. ###..........##### # #.#
###.........##...


You could see a gnoll.

Vanquished Creatures
  Jessica (D:2)
  5 gnolls
  2 adders (D:2)
  An orc (D:3)
  5 ball pythons
  2 endoplasms (D:1)
  3 goblins
  3 hobgoblins (D:1)
  A quokka (D:1)
  4 bats
  2 frilled lizards
  3 kobolds
  3 rats
35 creatures vanquished.

Notes
Turn   | Place    | Note
-------+----------+-------------------------------------------
     0 | D:1      | Garessta the Djinni Earth Elementalist began the quest for
                  | the Orb.
     0 | D:1      | Garessta set off with the following spells memorised:
                  | Sandblast, Passwall, Stone Arrow, Petrify.
     0 | D:1      | Reached XP level 1. HP: 15/15 MP: 0/0
   160 | D:1      | Reached XP level 2. HP: 4/22 MP: 0/0
   626 | D:1      | Reached skill level 1 in Fighting
   626 | D:1      | Reached XP level 3. HP: 21/27 MP: 0/0
   626 | D:1      | Learned a level 1 spell: Summon Small Mammal
   909 | D:1      | Found a faded altar of an unknown god.
  1404 | D:2      | Noticed Jessica
  1407 | D:2      | Killed Jessica
  1408 | D:2      | Reached XP level 4. HP: 30/33 MP: 0/0
  2151 | D:3      | Found a glowing golden altar of the Shining One.
  2153 | D:3      | Found a broken altar of Ashenzari.
  2283 | D:3      | Found a stormy altar of Qazlal.
  2417 | D:3      | Reached XP level 5. HP: 30/38 MP: 0/0
  2417 | D:3      | Learned a level 2 spell: Call Imp
  2421 | D:3      | Slain by a gnoll

Illustrated notes

Levels and vault maps discovered:
D:1:      ncdulo_wetmaze, layout_loops_ring,
          shapermc_ecumenical_altar_totnotflames, nicolae_figureground_pulse
D:2:      layout_basic, uniq_jessica
D:3:      layout_rooms, mainiacjoe_overflow_alcove_1,
          grunt_temple_overflow_open, chequers_serial_rivers_room_a

Skill      XL: |  1  2  3  4  5 |
---------------+----------------+-----
Fighting       | 1 2 |  2.1
Spellcasting   | 3 |  3.5
Dodging        | 3 |  3.2
Stealth        | |  1.5

Action                   |  1- 3 |  4- 6 || total
-------------------------+-------+-------++-------
Melee: Flail             |       |     1 ||     1
 Cast: Sandblast         |    25 |    18 ||    43
       Stone Arrow       |     2 |     9 ||    11
Armor: Robe              |     2 |     8 ||    10
Dodge: Dodged            |     3 |    13 ||    16

Table legend: (Time is in decaauts)
 A = Elapsed time spent in this place.
 B = Non-inter-level travel time spent in this place.
 C = Inter-level travel time spent in this place.
 D = Time resting spent in this place.
 E = Time spent auto-exploring this place.
 F = Levels seen in this place.
 G = Mean time per level.
                   A        B        C        D        E       F      G
               +--------+--------+--------+--------+--------+-----+--------+
         Total |   2463 |   2415 |     48 |     40 |   2105 |   3 |  821.0 |
       Dungeon |   2463 |   2415 |     48 |     40 |   2105 |   3 |  821.0 |
               +--------+--------+--------+--------+--------+-----+--------+

Top non-repeatable levels by time:
     D:1: 1248 daAuts
     D:2: 762 daAuts
     D:3: 452 daAuts
